 Dungeon Crawl Stone Soup version 0.22.1-2-g9c5b331383 (webtiles) character file.

10883 Bapho the Impaler (level 11, -7/90 HPs)
             Began as a Merfolk Gladiator on Dec 12, 2018.
             Was an Elder of Okawaru.
             Killed by mirror damage (16 damage)
             ... on level 13 of the Dungeon.
             The game lasted 00:34:46 (13361 turns).

Bapho the Impaler (Merfolk Gladiator)              Turns: 13361, Time: 00:34:47

Health: -7/90      AC: 18    Str: 15    XL:     11   Next: 69%
Magic:  9/11       EV: 20    Int: 21    God:    Okawaru [****..]
Gold:   576        SH:  0    Dex: 18    Spells: 10/10 levels left

rFire    . . .     SeeInvis .   a - +5 halberd
rCold    . . .     Gourm    .   (shield currently unavailable)
rNeg     + + .     Faith    .   l - +4 scale mail "Muenig" {rN++ Int+7 Stlth+}
rPois    .         Spirit   .   s - +0 helmet
rElec    .         Reflect  .   o - +1 cloak {MR+}
rCorr    .         Harm     .   (no gloves)
MR       +....                  t - +0 pair of boots (curse)
Stlth    +++.......             (no amulet)
HPRegen  0.25/turn              n - +6 ring of intelligence
MPRegen  0.12/turn              G - ring of wizardry

@: heroism, hasted, very quick
A: change form in water, swift swim, stealthy swim, mutation resistance 1
a: Heroism, Renounce Religion


You were on level 13 of the Dungeon.
You worshipped Okawaru.
Okawaru was greatly pleased with you.
You were not hungry.

You visited 2 branches of the dungeon, and saw 12 of its levels.

You collected 576 gold pieces.

Inventory:

Hand Weapons
 a - a +5 halberd (weapon)
 b - a +0 shortbow
 y - a +0 halberd
 F - a +0 trident
Missiles
 i - 256 stones (quivered)
 x - 157 arrows
Armour
 c - a +0 helmet
 k - a +0 ring mail
 l - the +4 scale mail "Muenig" (worn) {rN++ Int+7 Stlth+}
   (You found it on level 3 of the Dungeon)

   It affects your intelligence (+7).
   It greatly protects you from negative energy.
   It makes you more stealthy.
 o - a +1 cloak of magic resistance (worn)
 q - a cursed +0 chain mail
 s - a +0 helmet (worn)
 t - a cursed +0 pair of boots (worn)
 B - a cursed +0 large shield
 D - a +0 leather armour
 N - a +2 large shield
Jewellery
 n - a +6 ring of intelligence (left hand)
 G - a ring of wizardry (right hand)
Wands
 m - a wand of disintegration (10)
 E - a wand of random effects (22)
 H - a wand of paralysis (11)
 K - a wand of acid (6)
Scrolls
 e - 3 scrolls of teleportation
 h - 2 scrolls of vulnerability
 j - 2 scrolls of magic mapping
 u - a scroll of fog {unknown}
 v - 8 scrolls of remove curse
 w - 2 scrolls of amnesia {unknown}
 z - a scroll of acquirement {unknown}
 C - a scroll of fear {unknown}
 I - a scroll of identify
Potions
 d - 3 potions of flight
 p - 2 potions of resistance
 r - a potion of brilliance
 A - 2 potions of lignification
 J - a potion of invisibility
 M - a potion of mutation
Comestibles
 f - 11 rations


   Skills:
 - Level 9.9(14.9) Fighting
 - Level 16.0(21.0) Polearms
 - Level 1.4(6.4) Bows
 - Level 2.0(7.0) Throwing
 + Level 5.8(10.8) Armour
 + Level 10.2(15.2) Dodging


You had 10 spell levels left.
You didn't know any spells.
Your spell library contained the following spells:

 Spells                   Type           Power        Failure   Level  Hunger
 Corona                   Hex            #......      21%         1    ##.....
 Slow                     Hex            #.......     30%         2    ###....
 Inner Flame              Hex/Fire       #.......     50%         3    ####...
 Portal Projectile        Hex/Tloc       #.....       50%         3    ####...
 Cause Fear               Hex            #.........   87%         4    #####..
 Leda's Liquefaction      Hex/Erth       #.........   87%         4    #####..


Dungeon Overview and Level Annotations

Branches:
Dungeon (10/15)            Temple (1/1) D:5
   Lair: D:8-11         Orc: D:9-12

Altars:
Ashenzari
Cheibriados
Dithmenos
Elyvilon
Fedhas
Gozag
Hepliaklqana
Kikubaaqudgha
Makhleb
Nemelex Xobeh
Okawaru
Qazlal
Ru
Sif Muna
Trog
Uskayaw
Vehumet
Wu Jian
Xom
Yredelemnul
Zin
The Shining One

Shops:
D:8 [

Annotations:
D:8 3 runed doors


Innate Abilities, Weirdness & Mutations

You revert to your normal form in water.
You are very nimble and swift while swimming.
You are very stealthy in the water. (Stealth+)
You are somewhat resistant to further mutation.


Message History

The death knight is moderately wounded.
Your scale mail "Muenig" prevents you from hitting the death knight.
The death knight is moderately wounded.
The death knight closely misses you.
You hit the death knight but do no damage.
The death knight is moderately wounded.
You puncture the death knight!
The death knight is moderately wounded.
The death knight offers itself to Yredelemnul, and fills with unholy energy.
You closely miss the death knight.
The death knight is moderately wounded.
You hit the death knight.
The death knight is moderately wounded.
The death knight reflects your damage back at you!
* * * LOW HITPOINT WARNING * * *
The death knight completely misses you.
You slice the death knight!!
The death knight is severely wounded.
The death knight reflects your damage back at you!
You die...

.................#
........
.................#
##....##
.................# .
##.....
..........###'####.......#
#...## ..........# #.#
#....... #..# ..........#
#.# #...... #..##
..........# #.# #......
#...# ..........#
#.####...... #.W>.
..........# #...@p......
#W### ..........#
#####.#'#### #.#
..........# .#.#########W#
########### .#....W......#
.############# .# .# .#


You could see a death knight.

Vanquished Creatures
  An ogre mage (D:13)
  2 vault guards (D:13)
  A phantasmal warrior (D:13)
  An ugly thing (D:13)
  2 centaur zombies (D:13)
  2 gargoyles (D:13)
  A freezing wraith (D:13)
  A hornet (D:9)
  2 hippogriffs
  8 yaks
  The ghost of Tutankhamun the Cudgeler, an amateur TrBe of Trog (D:3)
  A wraith (D:13)
  A human (D:13)
  3 ice beasts
  An eye of draining (D:13)
  2 black bears
  A necrophage (D:7)
  An orc warrior (D:9)
  3 sky beasts
  3 phantoms
  3 ogres
  A centaur (D:8)
  A gnoll sergeant (D:9)
  2 bullfrogs
  A water moccasin zombie (D:7)
  2 water moccasin skeletons
  4 scorpions
  5 killer bees
  4 wights (D:7)
  A bullfrog zombie (D:6)
  A crimson imp (D:6)
  2 bullfrog skeletons (D:4)
  A centaur skeleton (D:10)
  5 hounds
  6 orc priests
  Crazy Yiuf (D:7)
  A jelly (D:5)
  10 orc wizards
  Jessica (D:2)
  9 iguanas
  7 worker ants
  A hound zombie (D:6)
  2 hound skeletons
  Robin (D:3)
  19 gnolls
  12 adders
  3 shadow imps
  4 worms
  6 dart slugs
  7 leopard geckos
  29 orcs
  A ball python (D:3)
  10 bats
  7 giant cockroaches
  13 goblins
  8 hobgoblins
  9 jackals
  19 kobolds
  5 quokkas
  9 frilled lizards
  2 quokka skeletons (D:4)
  A quokka zombie (D:5)
  10 rats
284 creatures vanquished.

Vanquished Creatures (others)
  An orc wizard (D:5)
1 creature vanquished.

Grand Total: 285 creatures vanquished

Notes
Turn   | Place    | Note
-------+----------+-------------------------------------------
     0 | D:1      | Bapho the Merfolk Gladiator began the quest for the Orb.
     0 | D:1      | Reached XP level 1. HP: 16/16 MP: 1/1
   293 | D:1      | Reached XP level 2. HP: 22/23 MP: 2/2
   326 | D:1      | Reached skill level 5 in Polearms
   609 | D:1      | Reached XP level 3. HP: 27/28 MP: 3/3
  1281 | D:2      | Reached skill level 6 in Polearms
  1503 | D:2      | Reached XP level 4. HP: 35/35 MP: 4/4
  1551 | D:2      | Noticed an orc warrior
  1746 | D:1      | HP: 1/35 [orc warrior/short sword (3)]
  1833 | D:2      | Noticed Jessica
  1856 | D:2      | Killed Jessica
  2055 | D:3      | Reached skill level 7 in Polearms
  2055 | D:3      | Reached XP level 5. HP: 41/41 MP: 5/5
  2123 | D:2      | Noticed Robin
  2468 | D:3      | Killed Robin
  2658 | D:3      | Reached skill level 8 in Polearms
  2787 | D:3      | Reached XP level 6. HP: 45/48 MP: 6/6
  3120 | D:3      | Noticed Tutankhamun's ghost (amateur TrBe)
  3122 | D:3      | Found a runed gate.
  3122 | D:3      | Found a runed gate.
  3122 | D:3      | Found a runed gate.
  3976 | D:4      | Reached skill level 9 in Polearms
  4290 | D:4      | Reached XP level 7. HP: 55/55 MP: 7/7
  4342 | D:4      | Reached skill level 5 in Fighting
  4357 | D:4      | Found a white marble altar of Elyvilon.
  4369 | D:4      | Reached skill level 10 in Polearms
  4855 | D:4      | Found a snail-covered altar of Cheibriados.
  5219 | D:5      | Entered Level 5 of the Dungeon
  5234 | D:5      | Reached skill level 11 in Polearms
  5234 | D:5      | Reached XP level 8. HP: 64/64 MP: 8/8
  5641 | D:5      | Found a staircase to the Ecumenical Temple.
  5656 | Temple   | Entered the Ecumenical Temple
  5704 | Temple   | Became a worshipper of Warmaster Okawaru
  5807 | D:5      | Found an opulent altar of Gozag.
  5808 | D:5      | Found a shimmering altar of Xom.
  5899 | D:5      | Reached skill level 12 in Polearms
  5986 | D:5      | Found a stormy altar of Qazlal.
  6029 | D:5      | Found a radiant altar of Vehumet.
  6153 | D:4      | Found a glowing golden altar of the Shining One.
  6959 | D:7      | Reached * piety under Okawaru
  7038 | D:7      | Reached skill level 13 in Polearms
  7038 | D:7      | Reached XP level 9. HP: 54/72 MP: 9/9
  7438 | D:7      | Reached skill level 14 in Polearms
  7894 | D:6      | Reached ** piety under Okawaru
  7982 | D:6      | Found a bloodstained altar of Trog.
  8004 | D:6      | Found a sacrificial altar of Ru.
  8679 | D:7      | Found a runed door.
  8726 | D:7      | Reached skill level 15 in Polearms
  8955 | D:7      | Noticed Crazy Yiuf
  8960 | D:7      | Killed Crazy Yiuf
  9289 | D:8      | Reached XP level 10. HP: 80/83 MP: 10/10
  9477 | D:8      | Found Hutuh's Armour Boutique.
  9630 | D:8      | Noticed a cyan ugly thing
  9632 | D:8      | Noticed a cyan ugly thing
  9634 | D:8      | Found a runed gate.
  9634 | D:8      | Found a runed gate.
  9634 | D:8      | Found a runed gate.
  9634 | D:8      | Noticed a glowing orange brain
  9634 | D:8      | Noticed a cyan ugly thing
  9634 | D:8      | Noticed a white ugly thing
  9634 | D:8      | Noticed a white ugly thing
  9847 | D:3      | Killed Tutankhamun's ghost
  9852 | D:3      | Reached skill level 1 in Bows
  9884 | D:3      | Got a scorched scale mail
  9895 | D:3      | Identified the +4 scale mail "Muenig" {rN++ Int+7 Stlth+}
                  | (You found it on level 3 of the Dungeon)
 10157 | D:9      | Reached *** piety under Okawaru
 10328 | D:9      | Reached skill level 16 in Polearms
 10565 | D:9      | Reached skill level 1 in Armour
 10957 | D:10     | Entered Level 10 of the Dungeon
 11449 | D:10     | You fall through a shaft for 3 floors!
 11449 | D:13     | Noticed a green ugly thing
 11470 | D:13     | Killed a green ugly thing
 11470 | D:13     | Reached **** piety under Okawaru
 11470 | D:13     | Reached skill level 5 in Dodging
 11972 | D:13     | Noticed a gargoyle
 11987 | D:13     | Killed a gargoyle
 12206 | D:13     | Noticed a vault guard
 12232 | D:13     | Killed a vault guard
 12232 | D:13     | Reached XP level 11. HP: 80/90 MP: 9/11
 12248 | D:13     | Noticed a vault guard
 12279 | D:13     | Noticed a vault guard
 12282 | D:13     | Noticed an ogre mage
 12365 | D:13     | Killed a vault guard
 12507 | D:13     | Killed an ogre mage
 12952 | D:13     | Reached skill level 5 in Armour
 12965 | D:13     | Received a gift from Okawaru
 12968 | D:13     | Reached ***** piety under Okawaru
 13069 | D:13     | Noticed a death knight
 13069 | D:13     | Noticed a phantasmal warrior
 13330 | D:13     | Gained mutation: You are somewhat resistant to further
                  | mutation. [potion of mutation]
 13346 | D:13     | Killed a phantasmal warrior
 13346 | D:13     | Reached skill level 10 in Dodging
 13361 | D:13     | Killed by mirror damage

Skill      XL: |  1  2  3  4  5  6  7  8  9 10 11 |
---------------+----------------------------------+-----
Polearms       | 5 6 7 8 9 11 13 15 16 | 16.0
Fighting       | 3 4 5 7 9 |  9.9
Bows           | 1 |  1.4
Armour         | 3 5 |  5.8
Dodging        | 7 10 | 10.2
Throwing       | |  2.0

Action                   |  1- 3 |  4- 6 |  7- 9 | 10-12 || total
-------------------------+-------+-------+-------+-------++-------
Melee: Trident           |   116 |   235 |   184 |       ||   535
       Halberd           |       |       |   275 |   345 ||   620
 Fire: Shortbow          |       |       |       |     2 ||     2
Throw: Stone             |    74 |   131 |   144 |    97 ||   446
       Throwing net      |     3 |       |     1 |       ||     4
Invok: Heroism           |       |       |       |    12 ||    12
  Use: Potion            |       |     2 |     7 |     7 ||    16
       Scroll            |       |     7 |     3 |     2 ||    12
 Stab: Sleeping          |       |     1 |       |     1 ||     2
       Distracted        |       |       |     1 |       ||     1
  Eat: Chunk             |     2 |     9 |    13 |    12 ||    36
       Ration            |       |       |     1 |       ||     1
Armor: Leather armour    |    15 |       |       |       ||    15
       Ring mail         |     5 |    74 |    68 |     6 ||   153
       Scale mail        |       |       |       |    65 ||    65
Dodge: Dodged            |    81 |   148 |   159 |   123 ||   511
